SL
GRAFTON MIDDIES @ DETROIT RENAISSANCE
07/26/2024
 
TOP OF THE 1ST
Grafton Middies batting - Pitching for Detroit Renaissance : RHP Kuemon Hirata
Pitching: RHP Kuemon Hirata
Batting: RHB Pedro Santos 0-0: Ball
1-0: Ball
2-0: Swinging Strike
2-1: Foul Ball, location: 2F
2-2: Ball
3-2: Strikes out looking
Batting: RHB Scotty Anderson 0-0: Foul Ball, location: 2F
0-1: Ball
1-1: Foul Ball, location: 2F
1-2: SINGLE (Groundball, 56)
Batting: LHB Mario Ramos 0-0: Called Strike
0-1: Ball
1-1: Swinging Strike
1-2: Foul Ball, location: 2F
1-2: Strikes out looking
Batting: RHB Stefano Gaddi 0-0: Called Strike
0-1: Ball
1-1: Foul Ball, location: 2F
1-2: Foul Ball, location: 2F
1-2: Ground out 1-3 (Groundball, 15S)
Top of the 1st over - 0 run(s), 1 hit(s), 0 error(s), 1 left on base; Grafton 0 - Detroit 0
BOTTOM OF THE 1ST
Detroit Renaissance batting - Pitching for Grafton Middies : LHP Allen Yohemas
Pitching: LHP Allen Yohemas
Batting: RHB Kyle Bywaters 0-0: Ball
1-0: Fly out, F3 (Popup, 3F)
Batting: RHB Bernardo Herrera 0-0: Called Strike
0-1: Swinging Strike
0-2: Ball
1-2: Ball
2-2: Ball
3-2: Strikes out swinging
Batting: LHB Mike Silver 0-0: Called Strike
0-1: Foul Ball, location: 2F
0-2: Ball
1-2: Ball
2-2: Strikes out swinging
Bottom of the 1st over - 0 run(s), 0 hit(s), 0 error(s), 0 left on base; Grafton 0 - Detroit 0
TOP OF THE 2ND
Grafton Middies batting - Pitching for Detroit Renaissance : RHP Kuemon Hirata
Batting: RHB Ramón Gómez 0-0: DOUBLE (Flyball, 89D)
Batting: LHB Ramón Rivera 0-0: Called Strike
0-1: Ball
1-1: Swinging Strike
1-2: Ball
2-2: Strikes out looking
Batting: RHB Dave Ash 0-0: Foul Ball, location: 2F
0-1: Ball
1-1: SINGLE (Groundball, 6MD) (infield hit)
Ramón Gómez to third
Batting: SHB Jack MacAsgill 0-0: Ball
1-0: Ball
2-0: Fielders Choice at 2nd, 6-4 (Groundball, 6M)
Ramón Gómez scores
Batting: LHB Lawrence Washington 0-0: Ball
1-0: Ball
2-0: Called Strike
2-1: Ball
3-1: Foul Ball, location: 2F
3-2: Fly out, F7 (Flyball, 7LM)
Top of the 2nd over - 1 run(s), 2 hit(s), 0 error(s), 1 left on base; Grafton 1 - Detroit 0
BOTTOM OF THE 2ND
Detroit Renaissance batting - Pitching for Grafton Middies : LHP Allen Yohemas
Batting: LHB Juan González 0-0: Ball
1-0: Called Strike
1-1: Foul Ball, location: 2F
1-2: SINGLE (Groundball, 34D)
Batting: RHB Chandler Bailey 0-0: Called Strike
0-1: Foul Ball, location: 2F
0-2: Ball
1-2: Ball
2-2: Grounds into double play, 6-4-3 (Groundball, 56)
Batting: LHB Tim Waters 0-0: Called Strike
0-1: Ball
1-1: Swinging Strike
1-2: Foul Ball, location: 2F
1-2: Strikes out swinging
Bottom of the 2nd over - 0 run(s), 1 hit(s), 0 error(s), 0 left on base; Grafton 1 - Detroit 0
TOP OF THE 3RD
Grafton Middies batting - Pitching for Detroit Renaissance : RHP Kuemon Hirata
Batting: RHB Pedro Santos 0-0: Foul Ball, location: 2F
0-1: Foul Ball, location: 2F
0-2: SINGLE (Groundball, 3D)
Batting: RHB Scotty Anderson 0-0: Ball
1-0: Ball
2-0: Ball
Wild Pitch!
Pedro Santos to second
3-0: Called Strike
3-1: Foul Ball, location: 2F
3-2: Foul Ball, location: 2F
3-2: Foul Ball, location: 2F
3-2: Foul Ball, location: 2F
3-2: Strikes out looking
Batting: LHB Mario Ramos 0-0: Ball
1-0: Swinging Strike
1-1: Called Strike
1-2: Ball
2-2: Foul Ball, location: 2F
2-2: Ground out 5-3 (Groundball, 56S)
Pedro Santos to third
Batting: RHB Stefano Gaddi 0-0: Ball
1-0: Ground out 6-3 (Groundball, 6M)
Top of the 3rd over - 0 run(s), 1 hit(s), 0 error(s), 1 left on base; Grafton 1 - Detroit 0
BOTTOM OF THE 3RD
Detroit Renaissance batting - Pitching for Grafton Middies : LHP Allen Yohemas
Batting: RHB Jeffery Campbell 0-0: Ball
1-0: Swinging Strike
1-1: Ball
2-1: Swinging Strike
2-2: Ground out 6-3 (Groundball, 6)
Batting: RHB Eric D'Angle 0-0: Ball
1-0: Called Strike
1-1: Ball
2-1: Called Strike
2-2: Foul Ball, location: 2F
2-2: SINGLE (Groundball, 56D)
Batting: RHB Ulbert Sutkamp 0-0: Called Strike
Throwing error on steal attempt, E2
Eric D'Angle to third
0-1: Ball
1-1: Fly out, F4 (Line Drive, 4MD)
Batting: RHB Kyle Bywaters 0-0: Ball
1-0: Ground out 5-3 (Groundball, 56S)
Bottom of the 3rd over - 0 run(s), 1 hit(s), 1 error(s), 1 left on base; Grafton 1 - Detroit 0
TOP OF THE 4TH
Grafton Middies batting - Pitching for Detroit Renaissance : RHP Kuemon Hirata
Batting: RHB Ramón Gómez 0-0: Swinging Strike
0-1: Ball
1-1: Ground out 4-3 (Groundball, 4M)
Batting: LHB Ramón Rivera 0-0: Called Strike
0-1: Called Strike
0-2: Ball
1-2: Ball
2-2: Fly out, F3 (Popup, 3F)
Batting: RHB Dave Ash 0-0: Called Strike
0-1: Ball
1-1: DOUBLE (Line Drive, 5D)
Batting: SHB Jack MacAsgill 0-0: Called Strike
0-1: SINGLE (Groundball, 4MD)
Dave Ash to third
Runner from 3rd tries for Home, SAFE, no throw or cutoff
Batting: LHB Lawrence Washington 0-0: Ball
Jack MacAsgill steals 2nd base
1-0: Foul Ball, location: 2F
1-1: Called Strike
1-2: Foul Ball, location: 2F
1-2: Strikes out swinging
Top of the 4th over - 1 run(s), 2 hit(s), 0 error(s), 1 left on base; Grafton 2 - Detroit 0
BOTTOM OF THE 4TH
Detroit Renaissance batting - Pitching for Grafton Middies : LHP Allen Yohemas
Batting: RHB Bernardo Herrera 0-0: Ground out 5-3 (Groundball, 5S)
Batting: LHB Mike Silver 0-0: Foul Ball, location: 2F
0-1: Ground out U3 (Groundball, 3S)
Batting: LHB Juan González 0-0: Ball
1-0: Foul Ball, location: 2F
1-1: Called Strike
1-2: Strikes out swinging
Bottom of the 4th over - 0 run(s), 0 hit(s), 0 error(s), 0 left on base; Grafton 2 - Detroit 0
TOP OF THE 5TH
Grafton Middies batting - Pitching for Detroit Renaissance : RHP Kuemon Hirata
Batting: RHB Pedro Santos 0-0: Ball
1-0: Called Strike
1-1: Swinging Strike
1-2: Ball
2-2: Strikes out swinging
Batting: RHB Scotty Anderson 0-0: Called Strike
0-1: Fly out, F9 (Flyball, 89M)
Batting: LHB Mario Ramos 0-0: Ball
1-0: Foul Ball, location: 2F
1-1: Ground out U3 (Groundball, 3L)
Top of the 5th over - 0 run(s), 0 hit(s), 0 error(s), 0 left on base; Grafton 2 - Detroit 0
BOTTOM OF THE 5TH
Detroit Renaissance batting - Pitching for Grafton Middies : LHP Allen Yohemas
Batting: RHB Chandler Bailey 0-0: SINGLE (Groundball, 34D)
Batting: LHB Tim Waters 0-0: SINGLE (Line Drive, 56)
Chandler Bailey to second
Batting: RHB Jeffery Campbell 0-0: Bunted foul
0-1: Ball
1-1: Bunted foul
1-2: Fly out, F6 (Popup, 6D)
Batting: RHB Eric D'Angle 0-0: Called Strike
0-1: Swinging Strike
0-2: Strikes out swinging
Batting: RHB Ulbert Sutkamp 0-0: Ground out 4-3 (Groundball, 34)
Bottom of the 5th over - 0 run(s), 2 hit(s), 0 error(s), 2 left on base; Grafton 2 - Detroit 0
TOP OF THE 6TH
Grafton Middies batting - Pitching for Detroit Renaissance : RHP Kuemon Hirata
Batting: RHB Stefano Gaddi 0-0: Ground out 5-3 (Groundball, 56)
Batting: RHB Ramón Gómez 0-0: Swinging Strike
0-1: Called Strike
0-2: Strikes out swinging
Batting: LHB Ramón Rivera 0-0: Ball
1-0: Called Strike
1-1: Called Strike
1-2: Ball
2-2: Ball
3-2: SOLO HOME RUN (Flyball, 8RXD), Distance : 440 ft
Batting: RHB Dave Ash 0-0: Called Strike
0-1: Fly out, F9 (Flyball, 9LM)
Top of the 6th over - 1 run(s), 1 hit(s), 0 error(s), 0 left on base; Grafton 3 - Detroit 0
BOTTOM OF THE 6TH
Detroit Renaissance batting - Pitching for Grafton Middies : LHP Allen Yohemas
Batting: RHB Kyle Bywaters 0-0: Foul Ball, location: 2F
0-1: Ball
1-1: Foul Ball, location: 2F
1-2: DOUBLE (Line Drive, 7LS)
Batting: RHB Bernardo Herrera 0-0: Ball
1-0: Ball
Kyle Bywaters is caught stealing 3rd base
2-0: Fly out, F6 (Popup, 6MD)
Batting: LHB Mike Silver 0-0: Foul Ball, location: 2F
0-1: Ball
1-1: Ground out U3 (Groundball, 3)
Bottom of the 6th over - 0 run(s), 1 hit(s), 0 error(s), 0 left on base; Grafton 3 - Detroit 0
TOP OF THE 7TH
Grafton Middies batting - Pitching for Detroit Renaissance : RHP Kuemon Hirata
Batting: SHB Jack MacAsgill 0-0: Ball
1-0: Ground out 1-3 (Groundball, 23)
Batting: LHB Lawrence Washington 0-0: Called Strike
0-1: Ball
1-1: Called Strike
1-2: Ground out 6-3 (Groundball, 6)
Batting: RHB Pedro Santos 0-0: Called Strike
0-1: Swinging Strike
0-2: Ball
1-2: Strikes out swinging
Top of the 7th over - 0 run(s), 0 hit(s), 0 error(s), 0 left on base; Grafton 3 - Detroit 0
BOTTOM OF THE 7TH
Detroit Renaissance batting - Pitching for Grafton Middies : LHP Allen Yohemas
Batting: LHB Juan González 0-0: Ball
1-0: Foul Ball, location: 2F
1-1: Ball
2-1: Ball
3-1: Base on Balls
Batting: RHB Chandler Bailey 0-0: Ball
1-0: Ball
2-0: Ground out 3-1 (Groundball, 34)
Juan González to second
Batting: LHB Tim Waters 0-0: Ball
1-0: Called Strike
1-1: Ball
2-1: Ground out 4-3 (Groundball, 4)
Juan González to third
Batting: RHB Jeffery Campbell 0-0: Fly out, F7 (Flyball, 7LD)
Bottom of the 7th over - 0 run(s), 0 hit(s), 0 error(s), 1 left on base; Grafton 3 - Detroit 0
TOP OF THE 8TH
Grafton Middies batting - Pitching for Detroit Renaissance : RHP Kuemon Hirata
Batting: RHB Scotty Anderson 0-0: Called Strike
0-1: DOUBLE (Flyball, 89D)
Batting: LHB Mario Ramos 0-0: Intentional Walk
Pitching: RHP Rafael García
Batting: RHB Stefano Gaddi 0-0: Swinging Strike
0-1: SINGLE (Line Drive, 78S)
Scotty Anderson to third
Mario Ramos to second
Runner from 3rd tries for Home, SAFE, no throw or cutoff
Batting: RHB Ramón Gómez 0-0: Ball
1-0: Grounds into double play, 5-4-3 (Groundball, 5)
Mario Ramos to third
Batting: LHB Ramón Rivera 0-0: Called Strike
0-1: Ball
1-1: Foul Ball, location: 2F
1-2: Ground out 6-3 (Groundball, 4M)
Top of the 8th over - 1 run(s), 2 hit(s), 0 error(s), 1 left on base; Grafton 4 - Detroit 0
BOTTOM OF THE 8TH
Detroit Renaissance batting - Pitching for Grafton Middies : LHP Allen Yohemas
Batting: RHB Eric D'Angle 0-0: Ball
1-0: Ball
2-0: Ball
3-0: Base on Balls
Batting: RHB Ulbert Sutkamp 0-0: Ball
1-0: Called Strike
1-1: Ball
2-1: Grounds into double play, 4-6-3 (Groundball, 4)
Batting: RHB Kyle Bywaters 0-0: Ball
1-0: Ball
2-0: Ground out 6-3 (Groundball, 6)
Bottom of the 8th over - 0 run(s), 0 hit(s), 0 error(s), 0 left on base; Grafton 4 - Detroit 0
TOP OF THE 9TH
Grafton Middies batting - Pitching for Detroit Renaissance : RHP Rafael García
Batting: RHB Dave Ash 0-0: Ball
1-0: Ball
2-0: Ball
3-0: Called Strike
3-1: Foul Ball, location: 2F
3-2: Fly out, F8 (Flyball, 8RM)
Batting: SHB Jack MacAsgill 0-0: SINGLE (Flyball, 9S)
Batting: LHB Lawrence Washington 0-0: Called Strike
Throwing error on steal attempt, E2
Jack MacAsgill to third
0-1: Ball
1-1: Ball
2-1: Ball
3-1: Base on Balls
Batting: RHB Pedro Santos 0-0: Foul Ball, location: 2F
0-1: Fly out, F4 (Popup, 3D)
Batting: RHB Scotty Anderson 0-0: Ball
1-0: Ball
2-0: Ball
3-0: Base on Balls
Lawrence Washington to second
Batting: LHB Mario Ramos 0-0: Ball
1-0: Called Strike
1-1: Ball
2-1: Ball
3-1: Called Strike
3-2: Base on Balls
Jack MacAsgill scores
Lawrence Washington to third
Scotty Anderson to second
Batting: RHB Stefano Gaddi 0-0: Ball
1-0: Called Strike
1-1: Called Strike
1-2: Foul Ball, location: 2F
1-2: DOUBLE (Line Drive, 9LS)
Lawrence Washington scores
Scotty Anderson scores
Mario Ramos to third
Batting: RHB Ramón Gómez 0-0: Called Strike
0-1: Fly out, F8 (Flyball, 8LS)
Top of the 9th over - 3 run(s), 2 hit(s), 1 error(s), 2 left on base; Grafton 7 - Detroit 0
BOTTOM OF THE 9TH
Detroit Renaissance batting - Pitching for Grafton Middies : LHP Allen Yohemas
Batting: RHB Bernardo Herrera 0-0: Foul Ball, location: 2F
0-1: Ball
1-1: Swinging Strike
1-2: Fly out, F7 (Flyball, 78S)
Batting: LHB Mike Silver 0-0: Ball
1-0: Foul Ball, location: 2F
1-1: Ball
2-1: Ball
3-1: Base on Balls
Batting: LHB Juan González 0-0: Ball
1-0: Foul Ball, location: 2F
1-1: Called Strike
1-2: Strikes out swinging
Batting: RHB Chandler Bailey 0-0: Ball
1-0: Ball
2-0: SINGLE (Line Drive, 5D)
Mike Silver to second
Batting: LHB Tim Waters 0-0: Ball
1-0: Called Strike
1-1: Fielders Choice at 2nd, U6 (Groundball, 6M)
Bottom of the 9th over - 0 run(s), 1 hit(s), 0 error(s), 2 left on base; Grafton 7 - Detroit 0
This league is powered by Out of the Park Baseball, the baseball management simulation game for PC, Mac and Linux
Monday, October 3rd, 2016 - OOTP Baseball 16.9 Build 39